AoeStats
← owengold23

Arabia

509786680Analyzed
1v1 RM · 5d ago on Sep 28, 2026· 39m 26s· 2 players
Game mode
Random Map
Map size
Tiny (2 player)
Population
200
Speed
Normal
Resources
Standard
Victory
Conquest
Starting age
Dark Age
Ending age
Imperial Age
RankedLock teamsTeams togetherTeam positionsShared explorationLock speedFull tech treeHidden civsTurbo modeCheats
Victory
Defeat
🇺🇸 Koreans · United States
1649
+15
🇦🇺 Chinese · Australia
1619
-15
owengold23
0:25 Loom
9:19 Feudal Age
10:00 Double-Bit Axe
16:27 Horse Collar
17:37 Wheelbarrow
21:00 Castle Age
18:59 Gold Mining
19:01 Stone Mining
19:49 Fletching
19:59 Padded Archer Armor
22:16 Bow Saw
22:07 Heavy Plow
22:04 Bodkin Arrow
22:40 Leather Archer Armor
24:17 Elite Skirmisher
31:39 Ballistics
35:22 Masonry
40:57 Imperial Age
LmScar12
6:38 Loom
9:03 Feudal Age
11:01 Double-Bit Axe
10:58 Horse Collar
20:38 Castle Age
18:58 Stone Mining
19:21 Gold Mining
19:30 Fletching
21:44 Bow Saw
21:35 Heavy Plow
23:03 Bodkin Arrow
25:49 Ballistics
26:28 Husbandry
36:13 Imperial Age
35:08 Wheelbarrow
34:52 Masonry
36:58 Bracer
37:59 Chemistry
36:28 Elite War Wagon
38:19 Conscription
39:14 Wheelbarrow
38:25 Town Watch
39:51 Conscription
Connection lost

Rejoining the realm…

Still unreachable

The connection could not be restored.

Session expired

The server has moved on; the page needs a fresh start.